 Dungeon Crawl Stone Soup version 0.29.1-4-g47bece8355 (webtiles) character file.

Game seed: 926272996595452771

11 BiteMe the Firebug (level 2, 13/19 HPs)
             Began as a Demonspawn Fire Elementalist on Dec 11, 2022.
             Got out of the dungeon alive.
             The game lasted 00:06:47 (547 turns).

BiteMe the Firebug (Demonspawn Fire Elementalist)    Turns: 547, Time: 00:06:48

Health: 13/19      AC:  2    Str:  8    XL:     2   Next: 17%
Magic:  4/5        EV: 12    Int: 16    God:
Gold:   24         SH:  0    Dex: 13    Spells: 4/5 levels left

rFire   . . .      SeeInvis .   d - +0 spear
rCold   . . .      Faith    .   (no shield)
rNeg    . . .      Spirit   .   a - +0 robe
rPois   .          Reflect  .   (no helmet)
rElec   .          Harm     .   (no cloak)
rCorr   .          Rampage  .   (no gloves)
Will    .....                   (no boots)
Stlth   ++........              (no amulet)
HPRegen 0.06/turn               (no ring)
MPRegen 0.09/turn               (no ring)

@: no status effects
A: claws 1
a: no special abilities


You escaped.
You visited 1 branch of the dungeon, and saw 1 of its levels.

You collected 24 gold pieces.

Inventory:

Hand Weapons
 d - a +0 spear (weapon)
Armour
 a - a +0 robe (worn)
Scrolls
 c - a scroll of fog {unknown}
Potions
 b - a potion of magic
 e - a potion of invisibility {unknown}
 f - a potion of flight {unknown}


   Skills:
 + Level 0.2 Fighting
 - Level 1.7 Dodging
 - Level 1.7 Stealth
 * Level 2.2 Spellcasting
 + Level 1.0 Conjurations
 + Level 3.1 Fire Magic


You had 4 spell levels left.
You knew the following spells:

 Your Spells              Type           Power      Damage    Failure   Level
a - Foxfire               Conj/Fire      32%        2x1d5     9%          1

Your spell library contained the following spells:

 Spells                   Type           Power      Damage    Failure   Level
 Scorch                   Fire           22%        2d6       9%          2
 Conjure Flame            Conj/Fire      8%         6-21      26%         3
 Inner Flame              Hex/Fire       6%         N/A       32%         3
 Flame Wave               Conj/Fire      8%         2d5       65%         4


Dungeon Overview and Level Annotations

Branches:
Dungeon (1/15)

Altars:


Innate Abilities, Weirdness & Mutations

You have sharp fingernails.


Message History

Your fingernails lengthen.
Unknown command.
Casting: Foxfire (safe; 9% risk of failure)
Press: ? - help, Q - select action Dir - look around, f - activate You conjure some foxfire!
The foxfire hits the jackal.
The jackal is heavily wounded.
The foxfire hits the jackal.
The jackal is almost dead.
You don't have enough magic to cast this spell.
You don't have enough magic to cast this spell.
The jackal bites you but does no damage.
You don't have enough magic to cast this spell.
You don't have enough magic to cast this spell.
The jackal misses you.
You hit the jackal but do no damage.
The jackal is severely wounded.
The jackal barely misses you.
The jackal misses you. x2; The jackal bites you.
You barely miss the jackal.
The jackal is severely wounded.
The jackal bites you. The jackal closely misses you.
You closely miss the jackal.
The jackal is severely wounded.
The jackal barely misses you. x4
You hit the jackal.
You kill the jackal!
The jackal barely misses you. The jackal bites you.
The jackal closely misses you.
You see here a jackal corpse.
The jackal bites you.
You hit the jackal.
The jackal is severely wounded.
The jackal bites you. x2
You hit the jackal.
You kill the jackal!
You see here a jackal corpse.
You see here a +0 dagger.
There is a staircase leading out of the dungeon here.
Are you sure you want to leave the Dungeon?
This will make you lose the game!
You have escaped!

#..........## #..##....
#...........###.###.##.
##..≈≈≈.≈≈≈...##...#....
##..≈≈.....≈≈...##.......
##..≈≈..8....≈≈..##.......
#..≈≈.♣.......≈≈.##...>...
#..≈...........≈.##.......
#..≈..♣.....8..≈.##.###...
#..≈≈..8.@....≈≈.##.# #...
#...≈≈..♣....≈≈..##.# #...
#....≈≈...♣.≈≈..##..# #...
##....≈≈≈≈≈≈≈...##.## #...
##.#...........#..# ####
#...............##
#################


There were no monsters in sight!

Vanquished Creatures
  2 bats (D:1)
  2 goblins (D:1)
  3 jackals (D:1)
  2 frilled lizards (D:1)
  A rat (D:1)
10 creatures vanquished.

Vanquished Creatures (others)
  16 foxfires (D:1)
16 creatures vanquished.

Grand Total: 26 creatures vanquished

Notes
Turn   | Place    | Note
-------+----------+-------------------------------------------
     0 | D:1      | BiteMe the Demonspawn Fire Elementalist began the quest for
                  | the Orb.
     0 | D:1      | Reached XP level 1. HP: 13/13 MP: 3/3
   395 | D:1      | Reached skill level 3 in Fire Magic
   499 | D:1      | Gained mutation: You have sharp fingernails. [demonic
                  | ancestry]
   499 | D:1      | Reached XP level 2. HP: 19/19 MP: 1/5
   547 | D:$      | Got out of the dungeon alive.

Illustrated notes

Levels and vault maps discovered:
D:1:      moated_graveyard_arrival, layout_basic, shapermc_ecumenical_altar_venn

Skill      XL: |  1 |
---------------+----+-----
Fire Magic     | 3 |  3.1
Fighting       | |  0.2
Dodging        | |  1.7
Stealth        | |  1.7
Spellcasting   | |  2.2
Conjurations   | |  1.0

Action                   || total
-------------------------++-------
Melee: Spear             ||     6
 Cast: Foxfire           ||     9
Armor: Robe              ||     1
Dodge: Dodged            ||    14
